 Dungeon Crawl Stone Soup version 0.19-a0-1254-gb9c29c0 (webtiles) character file.

226 ImbarsBidbib the Grave Robber (level 5, -7/35 HPs)
             Began as a Demonspawn Necromancer on Aug 27, 2016.
             Mangled by a killer bee (9 damage)
             ... on level 5 of the Dungeon.
             The game lasted 00:08:13 (4079 turns).

ImbarsBidbib the Grave Robber (DsNe)                Turns: 4079, Time: 00:08:14

Health: -7/35      AC:  6    Str:  7 (9)  XL:     5   Next: 69%
Magic:  3/8        EV: 12    Int: 16 (17) God:
Gold:   149        SH:  2    Dex: 13      Spells: 3 memorised, 2 levels left

rFire  + . .     SeeInvis .     r - +0 trident
rCold  . . .     Gourm    .     l - +1 robe {rN+}
rNeg   + . .     Faith    .     (no shield)
rPois  .         Spirit   .     (helmet restricted)
rElec  .         Dismiss  .     x - +0 cloak
rCorr  .         Reflect  .     (no gloves)
MR     .....     Harm     .     (no boots)
Stlth  ++........ Rnd*Tele +    (no amulet)
                                (no ring)
                                (no ring)

@: very slightly contaminated, hasted, very quick
A: horns 1, large bone plates 1, fire resistance 1, mutation resistance 1,
teleportitis 1
a: no special abilities


You were on level 5 of the Dungeon.
You were not hungry.

You visited 1 branch of the dungeon, and saw 5 of its levels.

You collected 149 gold pieces.

Inventory:

Hand Weapons
 q - a +0 short sword
 r - a +0 trident (weapon)
Armour
 l - a +1 robe of positive energy (worn)
 x - a +0 cloak (worn)
Wands
 u - a wand of paralysis (9/24)
Scrolls
 e - a scroll of remove curse
 f - a scroll of teleportation
 j - 2 scrolls of fear {unknown}
 m - 2 scrolls of identify {unknown}
 o - a scroll of noise {unknown}
 p - 2 scrolls of enchant weapon {unknown}
 t - a scroll of magic mapping {unknown}
Potions
 s - 3 potions of flight
Books
 b - a book of Necromancy

   Spells                             Type                      Level
   a - Pain                           Necromancy                   1
   b - Animate Skeleton               Necromancy                   1
   c - Vampiric Draining              Necromancy                   3
   d - Regeneration                   Charms/Necromancy            3
   e - Animate Dead                   Necromancy                   4
   f - Control Undead                 Necromancy                   4
Comestibles
 c - 2 bread rations
 d - 5 meat rations
 i - a royal jelly


   Skills:
 + Level 3.6 Polearms
 - Level 1.7 Dodging
 - Level 1.7 Stealth
 - Level 2.0 Spellcasting
 - Level 6.0 Necromancy


You had 2 spell levels left.
You knew the following spells:

 Your Spells              Type           Power        Failure   Level  Hunger
a - Pain                  Necr           ###.         1%          1    #......
b - Animate Skeleton      Necr           N/A          1%          1    #......
c - Animate Dead          Necr           N/A          17%         4    #####..


Dungeon Overview and Level Annotations

Branches:
Dungeon (5/15)
 Temple: D:4-7

Altars:
Gozag
Okawaru
Trog
The Shining One

Annotations:
D:3 Sigmund; jink69's ghost, amateur KoHu
D:4 Azmund's ghost, amateur DrIE


Innate Abilities, Weirdness & Mutations

You have a pair of small horns on your head.
You are partially covered in large bone plates. (AC +2, SH +2)
Your flesh is heat resistant. (rF+)
You are somewhat resistant to further mutation.
You are occasionally teleported next to monsters.


Message History

Casting: Pain
Confirm with . or Enter, or press ? or * to list all spells.
Aiming: Pain
Press: ? - help, Shift-Dir - straight line, f/p - killer bee
Aim: a killer bee (heavily wounded, chance to defeat MR: 86%)
The killer bee writhes in agony!
The killer bee stings you but does no damage.
Casting: Pain
Confirm with . or Enter, or press ? or * to list all spells.
Aiming: Pain
Press: ? - help, Shift-Dir - straight line, f/p - killer bee
Aim: a killer bee (heavily wounded, chance to defeat MR: 86%)
The killer bee writhes in agony!
The killer bee closely misses you. x2
Casting: Pain
Confirm with . or Enter, or press ? or * to list all spells.
Aiming: Pain
Press: ? - help, Shift-Dir - straight line, f/p - killer bee
Aim: a killer bee (almost dead, chance to defeat MR: 86%)
The killer bee writhes in agony!
The killer bee stings you!
You die...

#.#...................##.##
#.####......#.#.#.....### .#
#..........##.#.#.....#.####
#########...##.# ##_.⌠###
.........#.###.# #8...'.#
########.#.#
#.######.##_.⌠#.### #.#.#
#........ #.###....
#.#.#####################
#.#...yy@................
#.#######################
#.#######################
#........................
#########################


You could see 2 killer bees.

Vanquished Creatures
  A hound (D:5)
  An orc wizard (D:4)
  An iguana (D:4)
  2 hound skeletons
  4 adders
  An ooze (D:1)
  An adder skeleton (D:5)
  A worm (D:2)
  An orc (D:4)
  6 giant cockroaches
  4 hobgoblins
  A jackal (D:2)
  4 quokkas
  10 bats
  2 giant newts
  A goblin (D:2)
  2 kobolds
  2 rats (D:1)
45 creatures vanquished.

Vanquished Creatures (collateral kills)
  An orc wizard (D:4)
  An orc priest (D:4)
  2 orcs
  A jackal (D:2)
5 creatures vanquished.

Grand Total: 50 creatures vanquished

Notes
Turn   | Place    | Note
-------+----------+-------------------------------------------
     0 | D:1      | ImbarsBidbib the Demonspawn Necromancer began the quest for the Orb.
     0 | D:1      | Reached XP level 1. HP: 13/13 MP: 3/3
   173 | D:1      | Learned a level 1 spell: Animate Skeleton
   368 | D:1      | Reached skill level 5 in Necromancy
   368 | D:1      | Gained mutation: You have a pair of small horns on your head. [demonic ancestry]
   368 | D:1      | Reached XP level 2. HP: 18/19 MP: 1/5
  1218 | D:2      | Reached XP level 3. HP: 18/24 MP: 0/6
  1785 | D:2      | Reached skill level 6 in Necromancy
  2141 | D:2      | Found an opulent altar of Gozag.
  2223 | D:2      | Reached XP level 4. HP: 18/30 MP: 4/7
  2433 | D:3      | Noticed jink69's ghost (amateur KoHu)
  2481 | D:3      | Found an iron altar of Okawaru.
  2735 | D:4      | Reached skill level 1 in Polearms
  2940 | D:4      | Gained mutation: You are partially covered in large bone plates. (AC +2, SH +2) [demonic ancestry]
  2940 | D:4      | Reached XP level 5. HP: 8/35 MP: 4/8
  3086 | D:4      | Noticed Azmund's ghost (amateur DrIE)
  3105 | D:5      | Entered Level 5 of the Dungeon
  3208 | D:3      | Noticed Sigmund
  3249 | D:5      | Learned a level 4 spell: Animate Dead
  3525 | D:5      | Found a glowing golden altar of the Shining One.
  3526 | D:5      | Found a bloodstained altar of Trog.
  4046 | D:5      | Noticed a sky beast
  4055 | D:5      | Gained mutation: Your flesh is heat resistant. (rF+) [potion of mutation]
  4055 | D:5      | Gained mutation: You are occasionally teleported next to monsters. [potion of mutation]
  4055 | D:5      | Gained mutation: You are somewhat resistant to further mutation. [potion of mutation]
  4079 | D:5      | Mangled by a killer bee

Vault maps used:
D:1:      dpeg_arrival_another_circle
D:2:      grunt_gozag_statues
D:3:      okawaru_gym_becter, fedhas_altar_1, nicolae_overflow_hidden_temple,
          first_bread, uniq_sigmund
D:4:      lemuel_crystal_altar
D:5:      gammafunk_temple_overflow_statue

Skill      XL: |  1  2  3  4  5 |
---------------+----------------+-----
Necromancy     | 5 6 |  6.0
Polearms       | 2 3 |  3.6
Dodging        | |  1.7
Stealth        | |  1.7
Spellcasting   | |  2.0

Action                   |  1- 3 |  4- 6 || total
-------------------------+-------+-------++-------
Melee: Unarmed           |     6 |       ||     6
       Short sword       |    53 |    13 ||    66
       Headbutt          |     3 |     5 ||     8
       Dagger            |     1 |       ||     1
       Trident           |       |    52 ||    52
 Cast: Pain              |    50 |    16 ||    66
       Animate Skeleton  |     6 |     4 ||    10
  Use: Potion            |       |     6 ||     6
       Scroll            |       |     2 ||     2
 Stab: Sleeping          |     2 |     3 ||     5
       Distracted        |     1 |       ||     1
  Eat: Chunk             |     5 |     5 ||    10
       Beef jerky        |       |     1 ||     1
Armor: Robe              |    24 |    30 ||    54
Dodge: Dodged            |    60 |    51 ||   111
Block: Other             |       |     6 ||     6
